 Seeded DCSS version 0.29.0-5-ge4962eb29e (webtiles) character file.

Game seed: 5810444256256714315 (custom seed)

1539 NinjaNoafa the Conjurer (level 8, -9/57 (61) HPs)
             Began as a Purple Draconian Conjurer on Aug 29, 2022.
             Was a Follower of Sif Muna.
             Killed from afar by a gargoyle (26 damage)
             ... with a stone arrow
             ... on level 7 of the Dungeon.
             The game lasted 00:18:42 (6796 turns).

NinjaNoafa the Conjurer (Purple Draconian Conjurer) Turns: 6796, Time: 00:18:42

HP:   -9/57 (61)    AC:  8    Str:  8 (9)  XL:     8   Next: 56%
MP:   2/14          EV:  6    Int: 19 (20) God:    Sif Muna [*.....]
Gold: 206           SH: 27    Dex: 10 (11) Spells: 12/15 levels left

rFire   . . .      SeeInvis .   m - staff of conjuration
rCold   + . .      Faith    +   d - +18 shield of the Gong {rElec rN+ Will+ EV-5}
rNeg    + . .      Spirit   .   (body armour unavailable)
rPois   .          Reflect  .   (helmet restricted)
rElec   +          Harm     .   u - +1 cloak
rCorr   .          Rampage  .   (no gloves)
Will    ++...                   (no boots)
Stlth   ++........              n - amulet of faith
HPRegen 0.19/turn               e - ring of protection from fire
MPRegen 0.14/turn               g - ring of ice

@: short of breath, drained
A: breathe power, AC +6, unfitting armour, cold-blooded
a: Breathe Dispelling Energy, Renounce Religion, Channel Magic


You were on level 7 of the Dungeon.
You worshipped Sif Muna.
Sif Muna was aware of your devotion.
You visited 2 branches of the dungeon, and saw 9 of its levels.

You collected 206 gold pieces.

Inventory:

Missiles
 c - 46 stones
 t - 15 poisoned darts
 x - 3 silver boomerangs
 z - 3 boomerangs
Armour
 d - the +18 shield of the Gong (worn) {rElec rN+ Will+ EV-5}
   (You found it on level 5 of the Dungeon)

   It is deafeningly noisy when blocking attacks.
   EV:        It affects your evasion (-5).
   rElec:     It insulates you from electricity.
   rN:        It protects you from negative energy.
   Will:      It increases your willpower.
 u - a +1 cloak (worn)
Magical Staves
 m - a staff of conjuration (weapon)
Jewellery
 e - a ring of protection from fire (left hand)
 g - a ring of ice (right hand)
 i - a ring of flight
 n - an amulet of faith (around neck)
Wands
 r - a wand of flame (19)
Scrolls
 f - a scroll of poison
 j - a scroll of identify
 o - 2 scrolls of amnesia
Potions
 a - 2 potions of magic
 b - a potion of curing
 h - 2 potions of lignification
 p - 2 potions of brilliance
 q - 2 potions of attraction


   Skills:
 - Level 2.0 Fighting
 - Level 3.0 Staves
 - Level 3.0 Dodging
 - Level 1.7 Stealth
 * Level 5.8 Shields
 - Level 4.0 Spellcasting
 - Level 6.0 Conjurations
 - Level 2.0 Hexes
 - Level 0.9 Translocations
 - Level 5.0 Evocations


You had 12 spell levels left.
You knew the following spells:

 Your Spells              Type           Power      Damage    Failure   Level
a - Magic Dart            Conj           100%       1d8       3%          1
b - Searing Ray           Conj           78%        2d7       4%          2

Your spell library contained the following spells:

 Spells                   Type           Power      Damage    Failure   Level
 Dazzling Flash           Conj/Hex       56%        N/A       22%         3
 Sting                    Tmut/Pois      12%        1d3       36%         1
 Poisonous Vapours        Pois/Air       6%         N/A       50%         2
 Fulminant Prism          Conj/Hex       14%        3d9       56%         4
 Gell's Gravitas          Tloc           7%         N/A       61%         3
 Teleport Other           Tloc           7%         N/A       61%         3
 Iskenderun's Mystic Bla  Conj/Tloc      25%        2d7       65%         4
 Ozocubu's Armour         Ice            5%         N/A       73%         3
 Swiftness                Air            3%         N/A       73%         3
 Olgreb's Toxic Radiance  Pois           3%         N/A       98%         4
 Metabolic Englaciation   Hex/Ice        5%         N/A       100%        5
 Dispersal                Tloc           3%         N/A       100%        6
 Simulacrum               Ice/Necr       2%         N/A       100%        6


Dungeon Overview and Level Annotations

Branches:
Dungeon (8/15)             Temple (1/1) D:5
   Lair: D:8-11

Altars:
Ashenzari
Cheibriados
Dithmenos
Elyvilon
Fedhas
Gozag
Hepliaklqana
Kikubaaqudgha
Makhleb
Nemelex Xobeh
Okawaru
Ru
Sif Muna
Uskayaw
Vehumet
Wu Jian
Xom
Yredelemnul
The Shining One

Annotations:
D:7 Menkaure


Innate Abilities, Weirdness & Mutations

You can breathe bolts of dispelling energy.
Your rich purple scales are hard. (AC +6)
You cannot fit into any form of body armour.
You are cold-blooded and may be slowed by cold attacks.


Message History

Press: ? - help, Shift-Dir - straight line, f - gargoyle
Aim: a gargoyle, wielding a +1 flail of draining (severely damaged, 100% to hit)
You feel a surge of power!
The magic dart hits the gargoyle but does no damage.
The gargoyle is severely damaged.
Okay, then.
Okay, then.
You drop a potion of degeneration.
Aiming: Breathe Dispelling Energy (4% risk of failure)
Press: ? - help, Shift-Dir - straight line, f/p - gargoyle
Aim: a gargoyle, wielding a +1 flail of draining (severely damaged, 78% to hit)
You breathe a bolt of dispelling energy.
The bolt of dispelling energy hits the gargoyle but does no damage.
The gargoyle is severely damaged.
You float gracefully downwards.
Your resistance to elements expires.
Casting: Magic Dart (safe; 3% risk of failure)
Confirm with . or Enter, or press ? or * to list all spells.
Okay, then.
The gargoyle hurls a stone arrow at you.
The stone arrow misses you.
Casting: Magic Dart (safe; 3% risk of failure)
Confirm with . or Enter, or press ? or * to list all spells.
Aiming: Searing Ray (safe; 4% risk of failure)
Press: ? - help, Shift-Dir - straight line, f/p - gargoyle
Aim: a gargoyle, wielding a +1 flail of draining (severely damaged, 91% to hit)
You feel a surge of power!
The searing ray hits the gargoyle but does no damage.
The gargoyle is severely damaged. (Press . to maintain the ray.)
The searing ray hits the gargoyle.
The gargoyle is severely damaged.
The searing ray hits the gargoyle but does no damage.
The gargoyle is severely damaged.
The searing ray hits the gargoyle but does no damage.
The gargoyle is severely damaged.
You finish channelling your searing ray.
The gargoyle hurls a stone arrow at you.
The stone arrow hits you!!
You die...

...##...#...
.......#... #.......
##############...#...
#....##......#...#...
#............'...#...
#...........##...#...
#....z......##...#...
#...@9...........#...
#...!##.....##...#...
#######.....##...+
#.....##...#
.........##...#
..............#
...............#
...............#
##############


You could see a gargoyle and a wight.

Vanquished Creatures
  An ice beast (D:5)
  3 centaurs
  A kobold brigand (D:6)
  3 bullfrogs
  4 scorpions
  3 wights (D:7)
  An oklob sapling (D:5)
  3 hounds
  2 orc priests
  3 jellies
  2 iguanas
  2 orc wizards (D:7)
  A mummy (D:5)
  6 adders
  2 white imps
  4 worms
  2 dart slugs
  14 orcs
  3 endoplasms
  6 goblins
  7 hobgoblins
  2 quokkas
  3 ball pythons
  4 bats
  3 frilled lizards
  8 kobolds
  3 rats
96 creatures vanquished.

Vanquished Creatures (others)
  27 plants
27 creatures vanquished.

Grand Total: 123 creatures vanquished

Notes
Turn   | Place    | Note
-------+----------+-------------------------------------------
     0 | D:1      | NinjaNoafa the Draconian Conjurer began the quest for the
                  | Orb.
     0 | D:1      | Reached XP level 1. HP: 14/14 MP: 3/3
   155 | D:1      | Found a faded altar of an unknown god.
   390 | D:1      | Reached XP level 2. HP: 20/20 MP: 1/5
   871 | D:2      | Learned a level 2 spell: Searing Ray
  1112 | D:2      | Reached XP level 3. HP: 26/26 MP: 2/7
  1497 | D:3      | Found an iron altar of Okawaru.
  2158 | D:3      | You are sucked into a shaft and drop 3 floors!
  2165 | D:6      | Reached skill level 5 in Conjurations
  2165 | D:6      | Reached XP level 4. HP: 33/33 MP: 3/8
  2262 | D:5      | Entered Level 5 of the Dungeon
  2287 | D:5      | Noticed a centaur
  2351 | D:6      | Noticed a black bear
  2458 | D:6      | Identified the +0 robe "Roxi" {Str-3 Dex+3}
  2459 | D:6      | Noticed a scorpion
  2469 | D:6      | Killed a scorpion
  2470 | D:6      | Reached skill level 6 in Conjurations
  2470 | D:6      | Reached XP level 5. HP: 36/39 MP: 1/9
  2578 | D:6      | Reached skill level 1 in Fighting
  2578 | D:6      | Reached skill level 1 in Staves
  2578 | D:6      | Reached skill level 1 in Evocations
  2807 | D:6      | Reached XP level 6. HP: 32/47 MP: 6/10
  3812 | D:4      | Your scales start taking on a rich purple colour.
  3812 | D:4      | Reached XP level 7. HP: 55/55 MP: 7/12
  5010 | D:5      | Found a staircase to the Ecumenical Temple.
  5089 | D:5      | Reached skill level 5 in Evocations
  5110 | Temple   | Entered the Ecumenical Temple
  5364 | Temple   | Became a worshipper of Sif Muna the Loreminder
  5400 | D:5      | Reached skill level 1 in Hexes
  5483 | D:5      | Found the +18 shield of the Gong {rElec rN+ Will+ EV-5}
  5513 | D:5      | Reached skill level 1 in Shields
  5748 | D:5      | Found a snail-covered altar of Cheibriados.
  5757 | D:5      | Reached XP level 8. HP: 61/61 MP: 7/14
  5843 | D:5      | Got the Lessons on Weather
  6230 | D:7      | Noticed Menkaure
  6242 | D:7      | HP: 1/61 [Menkaure (16)]
  6405 | D:7      | Reached * piety under Sif Muna
  6689 | D:7      | Found a sacrificial altar of Ru.
  6702 | D:7      | Reached skill level 5 in Shields
  6748 | D:7      | Noticed a gargoyle
  6796 | D:7      | Killed from afar by a gargoyle

Illustrated notes

Levels and vault maps discovered:
D:1:      psy_arrival_terrarium, layout_rooms, chequers_ecumenical_altar_twisty,
          minmay_misc_feat_enclosed
D:2:      layout_basic
D:3:      layout_loops_ring, mainiacjoe_overflow_catwalk
D:4:      layout_loops_cross
D:5:      layout_basic, slow_altar_2, minmay_temple_entry_oklob
D:6:      layout_cave_pools, serial_bayou, serial_bayou_crossing,
          serial_bayou_pond_a, serial_bayou_pond_a, serial_bayou_pond_a
D:7:      layout_gridville, kennysheep_mini, nicolae_qazlal_general_emergency,
          enter_bailey_4, serial_shops, shop, uniq_menkaure
D:8:      layout_cave_pools, mainiacjoe_overflow_boulevard,
          gammafunk_ghost_hydra_chop
Temple:   nicolae_temple_elliptical

Skill      XL: |  1  2  3  4  5  6  7  8 |
---------------+-------------------------+-----
Spellcasting   | 3 4 |  4.0
Conjurations   | 5 6 |  6.0
Dodging        | 2 3 |  3.0
Fighting       | 1 2 |  2.0
Staves         | 1 2 3 |  3.0
Evocations     | 1 3 5 |  5.0
Hexes          | 2 |  2.0
Shields        | 1 5 |  5.8
Stealth        | |  1.7
Translocations | |  0.9

Action                   |  1- 3 |  4- 6 |  7- 9 || total
-------------------------+-------+-------+-------++-------
Melee: Staff             |     7 |    22 |    52 ||    81
       Tailslap          |       |       |     4 ||     4
Throw: Dart              |       |     3 |       ||     3
 Cast: Magic Dart        |    53 |     9 |    13 ||    75
       Searing Ray       |     7 |    19 |    39 ||    65
 Abil: Breathe Dispellin |       |       |     9 ||     9
  Use: Potion            |     1 |       |    13 ||    14
       Scroll            |       |       |    16 ||    16
Armor: Skin              |     5 |    19 |    34 ||    58
Dodge: Dodged            |     7 |    37 |    33 ||    77
Block: Kite shield       |       |       |   146 ||   146
